Map: 亚历山大港 - 天梯版

Players

Harstem

  • Race: Protoss Protoss

Serral - Winner!

  • Race: Zerg Zerg

Event: WESG 2018 Grand Finals

VOD

Have the link to the VOD?

Description

Time

  • Played on: March 11, 2019, 5:41 a.m.
  • Length: 8:59

All games in this series

Show
View Real Time Build Order
Export as new Build Order

Harstem Protoss 

Build Orders: 1 Gate Expand, Archon Immortal, Dark Templar Rush 

Get SALT Encoding   

  12  0:01  Probe  
  13  0:13  Probe  
  14  0:18  Pylon  
  14  0:25  Probe  
  15  0:31  Assimilator  
  15  0:33  Probe  
  15  0:41  Probe  
  16  0:48  Gateway  
  17  0:51  Probe  
  18  1:03  Probe  
  19  1:15  Probe  
  20  1:25  Nexus  
  20  1:35  Cybernetics Core  
  20  1:38  Probe  
  21  1:43  Assimilator  
  21  1:50  Probe  
  21  1:53  Pylon  
  22  2:01  Adept  
  22  2:02  Probe  
  23  2:14  Probe  
  26  2:18  Twilight Council  
  26  2:23  Warp Gate  
  26  2:25  Probe  
  27  2:31  Stalker  
  27  2:33  Probe  
  29  2:38  Probe  
  29  2:41  Probe  
  31  2:50  Probe  
  33  2:53  Robotics Facility  
  33  2:55  Probe  
  34  3:02  Probe  
  35  3:07  Probe  
  36  3:14  Probe  
  36  3:15  Dark Shrine  
  36  3:19  Probe  
  38  3:31  Warp Prism  
  38  3:32  Gateway  
  38  3:34  Gateway  
  38  3:35  Probe  
  38  3:37  Gateway  
  39  3:43  Probe  
  39  3:47  Probe  
  43  3:50  Assimilator  
  43  3:52  Assimilator  
  43  3:55  Probe  
  44  3:57  Pylon  
  44  3:59  Probe  
  45  4:03  Pylon  
  45  4:04  Probe  
  46  4:11  Probe  
  46  4:12  Probe  
  48  4:20  Probe  
  48  4:22  Probe  
  49  4:30  Dark Templar x3  
  56  4:31  Dark Templar  
  58  4:40  Probe  
  58  4:41  Probe  
  58  4:43  Pylon  
  58  4:57  Immortal  
  58  4:59  Probe  
  55  5:01  Nexus  
  56  5:10  Forge  
  56  5:11  Probe  
  56  5:12  Pylon  
  60  5:16  Probe  
  60  5:18  Sentry  
  60  5:19  Sentry x2  
  65  5:23  Probe  
  65  5:24  Charge  
  65  5:28  Probe  
  67  5:30  Phoenix  
  67  5:32  Gateway  
  67  5:36  Probe, Gateway  
  67  5:37  Observer  
  67  5:41  Protoss Ground Weapons Level 1  
  69  5:44  Probe  
  69  5:47  Pylon  
  69  5:48  Probe, Immortal  
  71  5:50  Pylon  
  71  6:00  Probe x2  
  77  6:07  Pylon  
  77  6:12  Probe x2  
  77  6:15  Probe  
  77  6:18  Warp Prism  
  80  6:20  Assimilator  
  80  6:22  Assimilator  
  80  6:24  Probe x2  
  82  6:27  Probe  
  82  6:32  Gateway  
  85  6:35  Gateway  
  85  6:36  Probe x2  
  85  6:39  Shield Battery  
  87  6:42  Shield Battery x2  
  87  6:43  Probe  
  88  6:48  Photon Cannon  
  88  6:53  Stalker  
  91  6:55  Probe  
  91  6:59  Dark Templar x2  
  95  7:02  Templar Archives  
  95  7:05  Archon  
  95  7:08  Photon Cannon, Dark Templar  
  97  7:11  Dark Templar  
  99  7:19  Archon  
  100  7:24  Pylon  
  100  7:26  Shield Battery  
  100  7:27  Zealot x3  
  100  7:28  Pylon  
  100  7:29  Immortal  
  109  7:39  Probe  
  102  7:55  Probe  
  102  7:58  Probe x2  
  104  8:01  Immortal  
  104  8:04  High Templar x4  
  104  8:05  Zealot x4  
  121  8:07  Pylon  
  121  8:10  Archon  
  121  8:11  Pylon  
  125  8:14  Pylon  
  125  8:16  Archon  
  125  8:17  Pylon  
  125  8:19  Pylon  
  125  8:26  Pylon  
  125  8:28  Pylon  
  125  8:30  Probe x2  
  125  8:34  Pylon  
  124  8:37  High Templar x2  
  124  8:38  High Templar x2, Zealot x3  
  124  8:39  Zealot  
  140  8:48  Archon  
  140  8:50  Archon  
Show
View Real Time Build Order
Export as new Build Order

Serral Zerg - Winner!

Build Orders: Hatch First, Muta Ling Bane 

Get SALT Encoding   

  12  0:00  Drone  
  13  0:12  Overlord  
  13  0:18  Drone  
  14  0:31  Drone x2  
  16  0:49  Hatchery  
  15  0:52  Drone  
  15  0:56  Drone  
  17  0:59  Drone  
  18  1:10  Extractor  
  17  1:15  Spawning Pool  
  17  1:18  Drone  
  17  1:21  Drone  
  18  1:28  Drone  
  19  1:38  Drone  
  20  1:50  Overlord  
  20  2:01  Queen  
  20  2:02  Queen  
  20  2:03  Zergling x4  
  26  2:11  Drone  
  26  2:14  Drone  
  28  2:23  Drone x2  
  30  2:38  Hatchery  
  30  2:42  Overlord  
  29  2:44  Drone  
  29  2:47  Drone  
  31  2:54  Queen  
  31  2:57  Drone  
  34  2:59  Drone  
  34  3:02  Drone  
  36  3:09  Drone  
  37  3:12  Overlord  
  37  3:14  Drone x2  
  37  3:15  Drone  
  37  3:16  Drone  
  41  3:20  Drone  
  41  3:22  Drone x2  
  44  3:27  Lair  
  44  3:33  Roach Warren, Drone  
  44  3:35  Drone  
  44  3:40  Drone  
  44  3:41  Drone  
  47  3:46  Drone x3, Extractor  
  47  3:47  Extractor  
  47  3:50  Queen  
  47  3:54  Overlord  
  49  3:56  Drone  
  49  4:01  Drone x3  
  53  4:05  Overlord  
  53  4:07  Drone  
  54  4:13  Roach x2  
  54  4:14  Roach  
  60  4:17  Roach  
  60  4:19  Roach  
  64  4:25  Overlord  
  64  4:26  Overseer  
  64  4:27  Roach  
  64  4:28  Roach  
  64  4:31  Roach  
  70  4:34  Roach  
  70  4:38  Overseer  
  72  4:42  Overlord x2  
  71  4:53  Drone x8  
  71  4:54  Overseer  
  71  4:59  Drone  
  78  5:04  Drone x2  
  78  5:08  Drone  
  78  5:11  Overlord  
  78  5:13  Drone  
  80  5:23  Queen x2  
  80  5:26  Overlord  
  80  5:27  Metabolic Boost  
  84  5:37  Evolution Chamber  
  84  5:38  Spire, Drone x2  
  84  5:39  Drone x2, Extractor  
  85  5:43  Overlord  
  85  5:44  Drone x2  
  85  5:49  Drone x2  
  89  5:53  Drone x5  
  89  5:56  Drone x2, Extractor  
  95  5:57  Extractor  
  95  5:58  Drone  
  95  6:01  Drone x2  
  97  6:07  Overlord x2  
  97  6:10  Zerg Missile Weapons Level 1  
  97  6:25  Hatchery  
  96  6:33  Overlord  
  96  6:38  Overlord  
  96  6:39  Baneling Nest  
  95  6:42  Drone x3  
  95  6:46  Overlord x2, Glial Reconstitution  
  98  6:49  Mutalisk  
  98  6:50  Mutalisk x6  
  98  6:51  Mutalisk  
  114  6:56  Mutalisk  
  116  7:04  Roach x5  
  126  7:13  Roach x5  
  126  7:14  Roach  
  138  7:15  Zergling x2  
  138  7:16  Zergling x4  
  138  7:22  Overlord  
  141  7:23  Zergling x8  
  141  7:28  Centrifical Hooks  
  145  7:31  Overlord  
  145  7:33  Roach x2  
  145  7:34  Roach x2  
  153  7:38  Zergling x10  
  158  7:44  Zergling x8  
  162  7:56  Roach x3, Overseer, Zergling x4  
  162  7:57  Overseer  
  168  8:00  Ravager x4  
  168  8:05  Zergling x2, Spore Crawler  
  171  8:06  Zergling x8  
  176  8:14  Zergling x4  
  176  8:15  Zergling x12  
  176  8:16  Baneling x9  
  176  8:17  Baneling x3  
  184  8:20  Baneling x3  
  184  8:24  Overlord  
  184  8:25  Zergling x10  
  189  8:32  Baneling x7  
  189  8:37  Baneling x4  
  189  8:42  Zergling x4  
  189  8:44  Baneling x4  
Tags
 
Add a new tag
Caveats
  • Supply blocks, unpowered buildings, or Contaminate may cause inaccurate times.
  • Supply counts are checked every 10 seconds.